 Dungeon Crawl Stone Soup version 0.31-a0-949-g57150269e1 (webtiles) character file.

Game seed: 16292251462184299934

56 mattiecakes the Trooper (level 3, -2/36 HPs)
             Began as a Gargoyle Berserker on Oct 22, 2023.
             Was a Believer of Trog.
             Slain by a black bear (5 damage)
             ... on level 2 of the Dungeon.
             The game lasted 00:04:27 (1505 turns).

mattiecakes the Trooper (Gargoyle Berserker)        Turns: 1505, Time: 00:04:28

Health: -2/36      AC: 12    Str: 22    XL:     3   Next: 95%
Magic:  3/3        EV:  8    Int:  7    God:    Trog [**....]
Gold:   91         SH:  0    Dex:  9    Spells: 2/2 levels left

rFire   . . .        e - +2 short sword (speed)
rCold   . . .        (no shield)
rNeg    + . .        i - +0 chain mail
rPois   ∞            (no helmet)
rElec   +            (no cloak)
rCorr   .            (no gloves)
SInv    .            (no boots)
Will    .....        (no amulet) Stlth
                     (no ring)
HPRegen 0.26/turn    (no ring)
MPRegen 0.08/turn

%: no passive effects
@: berserking, very quick
A: sickness immunity, AC +3, negative energy resistance 1, electricity
resistance, torment resistance 1, petrification resistance
a: Renounce Religion, Berserk, Trog's Hand


You were on level 2 of the Dungeon.
You worshipped Trog.
Trog was pleased with you.
You visited 1 branch of the dungeon, and saw 2 of its levels.

You collected 91 gold pieces.

Inventory:

Hand Weapons
 e - a +2 short sword of speed (weapon)
Armour
 i - a +0 chain mail (worn)
Scrolls
 c - a scroll of teleportation {unknown}
 d - a scroll of fog {unknown}
 f - a scroll of identify {unknown}
 g - a scroll of enchant armour {unknown}
 h - a scroll of blinking {unknown}


   Skills:
 + Level 4.6 Fighting
 * Level 1.5 Short Blades
 - Level 3.0 Maces & Flails
 - Level 2.2 Armour
 - Level 1.6 Dodging


You had 2 spell levels left.
You didn't know any spells.
Your spell library was empty.

Dungeon Overview and Level Annotations

Branches:
Dungeon (2/15)

Altars:


Innate Abilities, Weirdness & Mutations

You are immune to sickness and miasma.
Your stone body is resilient. (AC +3)
You are immune to poison.
You resist negative energy. (rN+)
You are resistant to electric shocks. (rElec)
You are resistant to unholy torment.
You are immune to petrification.


Message History

The black bear claws you but does no damage.
The black bear closely misses you.
The black bear attacks as it pursues you!
The black bear bites you. The black bear barely misses you.
The black bear claws you but does no damage.
You hit the goblin.
The goblin is moderately wounded.
The goblin hits you but does no damage.
You hit the goblin but do no damage.
The goblin is moderately wounded.
The goblin hits you but does no damage.
You hit the goblin.
You kill the goblin!
Trog accepts your kill. The black bear bites you.
The black bear claws you but does no damage.
The black bear claws you.
Things that are here:
a +0 dagger of protection; a goblin corpse You barely miss the black bear.
The black bear is moderately wounded.
The black bear bites you but does no damage.
The black bear barely misses you. The black bear claws you.
You hit the black bear but do no damage.
Your punch misses the black bear.
The black bear is moderately wounded.
The black bear barely misses you. The black bear misses you.
The black bear claws you but does no damage.
You barely miss the black bear.
The black bear is moderately wounded.
You barely miss the black bear.
The black bear is moderately wounded.
The black bear bites you!
* * * LOW HITPOINT WARNING * * *
The black bear claws you but does no damage. x2
You aren't carrying any potions.
You don't know any spells.
A red film seems to cover your vision as you go berserk!
You feel yourself moving faster!
You feel mighty! The black bear bites you.
You die...

#...###.............# #
#....$.......####...#
♣.♣##.........##.###...###
#......$# #..........
♣.♣.....# #.#####......
#.......#####.>......##...
#.....#........########..#
#........h####..#######...
#......##@#####....(....#.
#.....# #.##........[.....
#####.###..#.###..^....##.
......†......# #.......##)
.....######..# ####......†
...## ###.# ####...## .
#...#####......##
#.#.##....###....
#...##.######..#.


You could see a black bear.

Vanquished Creatures
  An adder (D:2)
  A worm (D:2)
  2 dart slugs (D:1)
  3 bats
  4 endoplasms
  A giant cockroach (D:1)
  2 goblins (D:2)
  4 hobgoblins
  8 jackals
  A quokka (D:1)
  2 ball pythons (D:1)
  A frilled lizard (D:2)
  2 kobolds (D:1)
  A rat (D:1)
33 creatures vanquished.

Notes
Turn   | Place    | Note
-------+----------+-------------------------------------------
     0 | D:1      | mattiecakes the Gargoyle Berserker began the quest for the
                  | Orb.
     0 | D:1      | Reached XP level 1. HP: 14/14 MP: 1/1
   175 | D:1      | Found a faded altar of an unknown god.
   231 | D:1      | Reached XP level 2. HP: 14/20 MP: 2/2
   362 | D:1      | Reached skill level 4 in Fighting
   834 | D:1      | Reached XP level 3. HP: 24/24 MP: 3/3
  1228 | D:2      | Reached ** piety under Trog
  1229 | D:2      | Reached skill level 1 in Short Blades
  1481 | D:2      | Noticed a black bear
  1504 | D:2      | HP: 1/24 [black bear (7)]
  1505 | D:2      | Slain by a black bear

Illustrated notes

Levels and vault maps discovered:
D:1:      nagdon_arrival_zigzag_paths, layout_loops_corners,
          shapermc_ecumenical_altar_pompeii, minivault_11
D:2:      layout_rooms, serial_forest, infiniplex_forest_clump_medium,
          infiniplex_forest_straight_5, infiniplex_forest_lined_3,
          infiniplex_forest_clump_curved

Skill      XL: |  1  2  3 |
---------------+----------+-----
Fighting       | 4 |  4.6
Short Blades   | 1 |  1.5
Maces & Flails | |  3.0
Armour         | |  2.2
Dodging        | |  1.6

Action                     || total
---------------------------++-------
  Melee: Mace              ||    47
         Short sword       ||   111
         Punch             ||     4
 Invoke: Berserk           ||     1
 Armour: Animal skin       ||    52
         Chain mail        ||    38
  Dodge: Dodged            ||    92

Table legend: (Time is in decaauts)
 A = Elapsed time spent in this place.
 B = Non-inter-level travel time spent in this place.
 C = Inter-level travel time spent in this place.
 D = Time resting spent in this place.
 E = Time spent auto-exploring this place.
 F = Levels seen in this place.
 G = Mean time per level.
                   A        B        C        D        E       F      G
               +--------+--------+--------+--------+--------+-----+--------+
         Total |   1475 |   1403 |     72 |     71 |   1071 |   2 |  737.5 |
       Dungeon |   1475 |   1403 |     72 |     71 |   1071 |   2 |  737.5 |
               +--------+--------+--------+--------+--------+-----+--------+

Top non-repeatable levels by time:
     D:1: 1145 daAuts
     D:2: 329 daAuts
